Map: [ESL] Data-C

Players

Zoun

  • Race: Protoss Protoss
  • Spawn Location: 3:00

HeroMarine - Winner!

  • Race: Terran Terran
  • League: Master
  • Spawn Location: 9:00

Event: HomeStory Cup XXII

VOD

Have the link to the VOD?

Description

Time

  • Played on: Dec. 16, 2022, 10:46 a.m.
  • Length: 14:52

All games in this series

Show
View Real Time Build Order
Export as new Build Order

Zoun Protoss 

Build Orders: 1 Gate Expand, Blink Stalkers, Colossus Rush 

Get SALT Encoding   

  12  0:00  Probe  
  13  0:12  Probe  
  14  0:17  Pylon  
  14  0:24  Probe (Chrono Boost)  
  15  0:36  Probe (Chrono Boost)  
  15  0:38  Gateway  
  16  0:44  Probe (Chrono Boost)  
  16  0:46  Assimilator  
  17  0:50  Probe  
  18  1:03  Probe  
  19  1:15  Probe  
  20  1:26  Cybernetics Core  
  20  1:35  Nexus  
  20  1:37  Probe  
  21  1:46  Pylon  
  21  1:49  Probe  
  21  1:52  Assimilator  
  22  2:01  Adept (Chrono Boost), Probe  
  22  2:07  Warp Gate  
  25  2:13  Probe  
  26  2:20  Twilight Council  
  26  2:25  Probe  
  27  2:30  Stalker  
  29  2:38  Probe (Chrono Boost)  
  30  2:46  Probe (Chrono Boost)  
  30  2:50  Probe (Chrono Boost)  
  32  2:53  Gateway  
  32  2:56  Probe (Chrono Boost), Blink (Chrono Boost)  
  32  2:58  Probe (Chrono Boost)  
  34  3:07  Probe  
  34  3:09  Probe  
  36  3:14  Shield Battery  
  36  3:18  Stalker  
  38  3:22  Probe  
  39  3:29  Probe  
  39  3:34  Probe  
  39  3:35  Robotics Facility  
  39  3:41  Gateway, Probe  
  40  3:46  Probe  
  41  3:52  Pylon  
  41  3:53  Probe  
  41  3:55  Stalker  
  44  3:59  Stalker  
  46  4:02  Pylon  
  46  4:10  Probe x2  
  48  4:18  Stalker, Assimilator  
  48  4:22  Probe  
  48  4:24  Warp Prism  
  51  4:25  Probe  
  54  4:35  Probe  
  55  4:40  Probe  
  56  4:45  Robotics Bay  
  56  4:46  Stalker x2  
  56  4:48  Stalker  
  62  4:54  Pylon  
  62  5:05  Nexus  
  62  5:09  Pylon  
  62  5:12  Observer, Probe  
  64  5:16  Probe  
  64  5:21  Gateway  
  65  5:22  Gateway  
  65  5:23  Charge  
  65  5:31  Colossus (Chrono Boost)  
  71  5:39  Probe  
  71  5:42  Stalker  
  72  5:44  Shield Battery  
  72  5:48  Stalker  
  74  5:50  Shield Battery  
  74  5:54  Pylon  
  74  6:00  Observer  
  74  6:01  Probe  
  75  6:04  Probe  
  75  6:09  Extended Thermal Lance  
  76  6:13  Gateway, Probe, Forge  
  76  6:16  Probe  
  76  6:17  Probe  
  79  6:23  Observer  
  79  6:25  Probe (Chrono Boost)  
  80  6:28  Colossus (Chrono Boost), Probe (Chrono Boost)  
  80  6:29  Probe (Chrono Boost)  
  88  6:37  Probe (Chrono Boost)  
  88  6:39  Probe (Chrono Boost), Pylon  
  90  6:41  Zealot, Sentry  
  90  6:42  Zealot, Gateway  
  90  6:43  Probe (Chrono Boost)  
  90  6:44  Probe (Chrono Boost)  
  98  6:47  Probe  
  98  6:48  Pylon  
  99  6:56  Protoss Ground Weapons Level 1 (Chrono Boost)  
  99  6:57  Zealot x2  
  103  7:07  Zealot x3, Gateway  
  103  7:08  Zealot  
  111  7:11  Cybernetics Core  
  111  7:17  Gateway  
  111  7:18  Colossus (Chrono Boost)  
  117  7:27  Pylon  
  117  7:29  Pylon  
  115  7:31  Probe  
  115  7:36  Pylon x2  
  116  7:38  Photon Cannon  
  116  7:40  Probe, Assimilator  
  117  7:45  Probe  
  117  7:47  Zealot x5  
  128  7:54  Shield Battery  
  128  7:58  Observer (Chrono Boost), Robotics Facility  
  128  8:04  Stalker x2  
  133  8:09  Pylon  
  133  8:15  Probe x3  
  133  8:17  Zealot x3, Pylon x2  
  133  8:18  Zealot  
  141  8:38  Stalker x5  
  141  8:39  Zealot x2  
  141  8:42  Probe  
  130  9:07  Nexus, Zealot x3, Observer, Sentry  
  130  9:08  Zealot x4  
  146  9:17  Probe x3, Protoss Ground Weapons Level 2 (Chrono Boost)  
  146  9:18  Pylon  
  146  9:22  Forge  
  149  9:27  Disruptor x2 (Chrono Boost)  
  153  9:32  Zealot  
  153  9:36  Probe x2  
  157  9:44  Zealot x5  
  163  9:51  Probe x2  
  152  9:54  Zealot  
  152  9:56  Disruptor  
  148  10:02  Shield Battery, Probe  
  148  10:03  Probe  
  148  10:05  Probe  
  148  10:06  Observer  
  143  10:14  Probe  
  143  10:15  Probe  
  143  10:17  Protoss Ground Armor Level 1 (Chrono Boost), Stalker x4  
  153  10:29  Disruptor  
  153  10:34  Zealot, Stalker x2  
  153  10:35  Zealot  
  142  10:52  Zealot x4  
  142  10:56  Disruptor (Chrono Boost)  
  143  10:59  Zealot x4  
  110  11:15  Zealot x4  
  115  11:21  Gateway  
  115  11:22  Gateway  
  107  11:25  Observer  
  107  11:29  Disruptor (Chrono Boost), Observer (Chrono Boost)  
  111  11:34  Photon Cannon  
  111  11:36  Sentry  
  111  11:37  Zealot x7  
  127  11:41  Nexus, Observer  
  127  11:44  Gateway  
  127  11:45  Gateway  
  117  11:49  Protoss Ground Weapons Level 3 (Chrono Boost)  
  117  11:51  Pylon  
  117  11:57  Assimilator  
  117  11:58  Stalker x3  
  117  12:00  Photon Cannon  
  123  12:03  Photon Cannon  
  123  12:06  Zealot  
  125  12:10  Zealot x3, Photon Cannon  
  125  12:13  Colossus (Chrono Boost)  
  131  12:19  Zealot  
  139  12:27  Stalker x2  
  123  12:31  Zealot x4, Observer  
  123  12:32  Observer  
  117  12:39  Zealot x4  
  123  12:50  Stalker x2  
  123  12:51  Stalker x3  
  132  13:02  Stalker x3  
  138  13:11  Zealot x2  
  137  13:15  Zealot x5  
  137  13:19  Disruptor  
  121  13:27  Zealot x3  
  121  13:34  Zealot x2  
  115  13:39  Zealot x7, Pylon  
  115  13:40  Disruptor (Chrono Boost)  
  121  13:43  Observer  
  102  13:49  Pylon  
  102  13:51  Zealot x3  
  102  13:52  Disruptor (Chrono Boost)  
  101  14:01  Zealot x2  
  106  14:03  Zealot  
  106  14:06  Probe  
  106  14:07  Probe x2  
  106  14:08  Disruptor (Chrono Boost)  
  112  14:23  Stalker x3  
  115  14:33  Zealot x3  
  103  14:40  Zealot x3  
Show
View Real Time Build Order
Export as new Build Order

HeroMarine Terran - Winner!

Build Orders:  

Get SALT Encoding   

  12  0:00  SCV  
  13  0:12  SCV  
  14  0:17  Supply Depot  
  14  0:24  SCV  
  15  0:38  SCV  
  15  0:40  Barracks  
  16  0:43  Refinery  
  16  0:50  SCV  
  17  1:02  SCV  
  18  1:14  SCV  
  19  1:26  Marine  
  19  1:27  Orbital Command  
  20  1:40  Command Center  
  20  1:45  Barracks Reactor  
  20  1:52  Supply Depot  
  20  1:53  SCV  
  21  2:05  SCV  
  22  2:18  SCV  
  22  2:21  Command Center  
  23  2:23  Marine  
  23  2:26  Marine  
  25  2:30  SCV  
  25  2:36  Barracks  
  26  2:41  Marine  
  26  2:42  SCV  
  26  2:44  Marine  
  29  2:52  Orbital Command  
  29  2:55  SCV  
  30  2:59  Marine  
  30  3:01  Marine  
  32  3:07  SCV  
  33  3:18  SCV, Marine  
  33  3:19  Engineering Bay, SCV, Marine  
  37  3:30  SCV  
  37  3:31  SCV  
  40  3:35  Barracks Tech Lab, Orbital Command  
  40  3:36  Marine  
  40  3:38  Reaper  
  41  3:42  SCV  
  41  3:43  SCV  
  41  3:46  Terran Infantry Weapons Level 1  
  43  3:50  Refinery  
  43  3:53  Stimpack  
  43  3:54  SCV, Marine x2  
  43  3:55  SCV  
  47  4:00  Supply Depot  
  47  4:01  SCV  
  48  4:06  SCV  
  48  4:07  SCV, Missile Turret  
  50  4:10  Marine  
  50  4:12  Marine  
  50  4:14  SCV  
  53  4:18  SCV  
  53  4:19  SCV, Factory  
  53  4:20  Supply Depot  
  53  4:21  Marine  
  56  4:28  Marine  
  56  4:29  Refinery  
  56  4:30  Marauder  
  60  4:33  Barracks  
  60  4:35  SCV x2  
  60  4:36  SCV  
  62  4:41  Marine  
  62  4:45  Supply Depot  
  62  4:46  Marine  
  62  4:47  SCV x2  
  62  4:48  SCV, Bunker  
  62  4:51  Marauder  
  68  4:57  Barracks x2  
  70  5:04  Factory Reactor, Starport  
  70  5:06  SCV x3  
  71  5:09  Refinery  
  71  5:11  Marine  
  71  5:12  Marine  
  73  5:16  Marauder  
  73  5:19  Supply Depot  
  76  5:21  SCV x2  
  76  5:22  Supply Depot  
  76  5:23  SCV  
  76  5:25  Barracks Tech Lab  
  78  5:34  SCV x2  
  78  5:35  SCV  
  76  5:36  Marine x2  
  76  5:37  Marauder  
  77  5:46  Barracks Reactor, SCV x2, Barracks Tech Lab  
  77  5:47  Marauder  
  82  5:53  Factory Reactor  
  82  5:54  Medivac x2, Marine x2  
  82  5:56  Orbital Command  
  87  5:58  SCV x2, Marauder  
  87  6:01  Missile Turret  
  91  6:04  Supply Depot  
  91  6:05  Terran Infantry Armor Level 1  
  91  6:06  Marauder  
  91  6:09  Marauder  
  91  6:10  SCV x2  
  97  6:18  Concussive Shells  
  97  6:19  Combat Shield  
  97  6:20  Marauder  
  97  6:22  SCV x2  
  101  6:26  SCV, Marine x2  
  104  6:33  Supply Depot  
  104  6:34  Supply Depot, SCV, Marauder  
  104  6:35  SCV  
  104  6:38  SCV  
  110  6:40  Marauder  
  110  6:44  Marine x3  
  110  6:46  SCV  
  110  6:47  SCV, Marauder  
  117  6:55  SCV  
  117  6:56  Supply Depot x2  
  117  6:58  Medivac, Marauder  
  117  6:59  Medivac  
  117  7:01  Marauder  
  125  7:04  Widow Mine x2  
  125  7:07  SCV x3  
  132  7:18  Marauder  
  132  7:19  SCV, Marauder  
  132  7:20  SCV x2  
  132  7:22  Marauder  
  141  7:25  Refinery  
  141  7:26  Refinery  
  141  7:27  Widow Mine x2  
  141  7:28  Medivac  
  141  7:29  Medivac  
  146  7:39  Engineering Bay, Bunker, Armory, Marauder  
  146  7:43  SCV  
  149  7:47  Supply Depot  
  149  7:54  Command Center  
  149  7:55  Supply Depot  
  149  7:59  Supply Depot  
  149  8:02  Supply Depot  
  149  8:09  SCV x3, Medivac x2  
  156  8:15  Marine  
  156  8:16  Marine x2  
  156  8:17  Widow Mine x2, Marauder  
  165  8:20  Missile Turret, Marine  
  165  8:21  Marauder  
  165  8:27  Terran Infantry Weapons Level 2, Terran Infantry Armor Level 2  
  157  8:43  Marauder x3, Marine x4  
  157  8:45  Barracks  
  157  8:46  Barracks, Widow Mine x2  
  157  8:48  Barracks  
  170  8:53  Medivac x2  
  157  9:05  Marauder x3  
  157  9:06  Starport  
  157  9:08  SCV x3  
  164  9:20  SCV x3  
  164  9:23  Viking x2  
  171  9:27  Marine  
  171  9:28  Marauder x3, Marine x2  
  171  9:30  Marine  
  181  9:32  Ghost Academy  
  173  9:45  Marine x2  
  173  9:46  Marine  
  173  9:48  Marine  
  173  9:49  Marauder, Marine x2  
  167  9:56  Medivac x2  
  167  9:59  SCV x2, Planetary Fortress  
  162  10:03  Marine x2  
  162  10:04  Marine  
  162  10:05  Barracks Reactor, Barracks Tech Lab  
  162  10:06  Barracks Tech Lab, Marine  
  154  10:07  Marauder x2  
  154  10:14  Viking x2  
  152  10:16  Ghost  
  155  10:24  Missile Turret  
  155  10:26  Marauder  
  155  10:27  Ghost  
  155  10:28  Ghost  
  157  10:29  Marauder  
  157  10:32  Marine x2  
  160  10:36  Viking  
  160  10:37  Viking  
  164  10:43  Marine x2  
  164  10:45  Ghost  
  164  10:48  Marauder  
  150  10:50  Marauder, Marine x2  
  145  10:57  Marauder x2  
  145  10:58  Marine x2  
  137  11:06  Marine x2  
  137  11:09  Marauder  
  130  11:11  Marauder  
  130  11:12  Marine x2  
  130  11:14  Marauder  
  130  11:16  Marine  
  130  11:17  Marine  
  144  11:18  Marauder x2  
  144  11:24  Marine x2  
  149  11:26  Command Center  
  149  11:29  Marine  
  149  11:30  Marine  
  149  11:31  Marauder  
  149  11:32  Terran Infantry Weapons Level 3  
  145  11:33  Marauder  
  145  11:34  Marine  
  145  11:35  Marauder  
  145  11:37  Factory Reactor  
  145  11:38  Bunker, Sensor Tower  
  145  11:39  Supply Depot  
  157  11:40  Supply Depot, Marauder x2  
  157  11:47  SCV x3  
  156  11:48  Marine x3  
  156  11:51  Marine x2  
  156  11:52  Medivac x2, Marauder, Marine  
  171  11:54  Marauder  
  171  11:57  Marauder  
  177  12:01  Marauder x2  
  177  12:02  Medivac x2  
  177  12:05  Marine x2  
  183  12:11  Marine x2  
  183  12:13  Marauder  
  183  12:15  Marine  
  190  12:16  Marauder  
  190  12:18  Marauder  
  190  12:22  Marauder  
  196  12:23  Marauder  
  176  12:32  Marine x2  
  176  12:35  Marauder  
  176  12:36  Medivac x2, Marine x2  
  176  12:37  Marauder, Marine  
  185  12:39  Widow Mine x2  
  185  12:41  Marauder  
  185  12:44  Marauder  
  193  12:46  Ghost  
  195  12:53  Marine x2  
  195  12:55  Ghost  
  199  13:05  Marine  
  193  13:13  Missile Turret  
  189  13:26  Marauder x2  
  183  13:28  Marauder, Marine x2  
  183  13:31  Marauder  
  183  13:32  Marine x2  
  183  13:33  Marauder, Marine x2  
  179  13:38  Widow Mine x2  
  179  13:41  Planetary Fortress  
  166  13:45  Marine  
  166  13:46  Marine  
  166  13:48  Marauder x2, Marine  
  162  13:50  Marine  
  162  13:51  Marine x2  
  162  13:52  Marauder  
  162  13:53  Ghost  
  166  13:57  Orbital Command  
  166  13:58  Orbital Command x2  
  166  13:59  Marine  
  166  14:03  Marine x2  
  166  14:06  Ghost  
  166  14:07  Marine  
  166  14:09  Marauder x2  
  175  14:13  Ghost  
  175  14:22  Ghost  
  177  14:25  Marine  
  177  14:30  Marine x2  
  175  14:33  Marine x2  
Tags
 
Add a new tag
Caveats
  • Supply blocks, unpowered buildings, or Contaminate may cause inaccurate times.
  • Supply counts are checked every 10 seconds.